Map: Cerulean Fall LE

Players

Geralt (Gerald)

  • Race: Protoss Protoss
  • League: Grandmaster
  • Spawn Location: 7:00

Lambo - Winner!

  • Race: Zerg Zerg
  • League: Grandmaster
  • Spawn Location: 1:00

VOD

Have the link to the VOD?

Description

Time

  • Played on: Jan. 6, 2019, 10:32 a.m.
  • Length: 21:49
Show
View Real Time Build Order
Export as new Build Order

Geralt Protoss 

Build Orders: 1 Gate Expand, Oracle Opening 

Get SALT Encoding   

  12  0:00  Probe  
  13  0:13  Probe  
  14  0:19  Pylon  
  14  0:25  Probe  
  15  0:30  Assimilator  
  15  0:34  Probe  
  16  0:46  Gateway, Probe  
  17  0:58  Probe  
  18  1:10  Probe  
  19  1:22  Probe  
  20  1:28  Nexus  
  20  1:34  Probe  
  21  1:41  Cybernetics Core  
  21  1:46  Probe  
  22  1:50  Assimilator  
  22  1:56  Pylon  
  22  1:59  Probe  
  23  2:08  Adept  
  23  2:14  Probe  
  26  2:23  Stargate  
  26  2:26  Probe  
  26  2:28  Adept  
  29  2:38  Probe  
  30  2:49  Probe  
  30  2:50  Probe  
  32  2:53  Adept  
  32  2:55  Warp Gate  
  34  3:01  Oracle, Probe  
  34  3:02  Probe  
  39  3:13  Probe  
  39  3:15  Probe  
  39  3:16  Gateway  
  41  3:25  Probe  
  43  3:27  Probe  
  43  3:31  Pylon  
  43  3:37  Probe  
  43  3:39  Oracle, Probe  
  45  3:44  Pylon  
  48  3:58  Probe  
  48  3:59  Probe  
  48  4:08  Assimilator  
  46  4:10  Probe, Phoenix  
  46  4:11  Probe, Assimilator  
  46  4:12  Pylon  
  50  4:22  Probe  
  50  4:23  Probe  
  52  4:25  Shield Battery  
  52  4:31  Stargate  
  52  4:34  Probe  
  52  4:35  Probe  
  54  4:43  Phoenix  
  54  4:46  Probe, Gateway  
  54  4:47  Probe  
  56  4:56  Adept x2  
  56  4:58  Probe  
  56  4:59  Probe  
  61  5:07  Phoenix  
  61  5:10  Probe  
  61  5:11  Probe  
  64  5:14  Adept x2  
  67  5:22  Probe  
  67  5:23  Probe  
  67  5:28  Phoenix  
  70  5:34  Gateway  
  70  5:36  Nexus  
  70  5:38  Pylon  
  70  5:40  Pylon  
  70  5:49  Phoenix  
  70  5:52  Protoss Air Weapons Level 1  
  70  5:56  Probe x2, Phoenix  
  76  5:57  Adept  
  76  5:58  Adept  
  80  6:06  Pylon  
  80  6:10  Robotics Facility  
  80  6:14  Phoenix  
  80  6:17  Probe  
  83  6:21  Phoenix  
  85  6:31  Probe  
  84  6:37  Probe  
  84  6:39  Phoenix  
  87  6:43  Probe  
  87  6:46  Phoenix  
  90  6:49  Probe, Forge  
  90  6:50  Probe, Twilight Council  
  90  6:52  Adept  
  92  6:55  Probe  
  89  7:01  Probe  
  89  7:04  Probe, Adept x2, Phoenix  
  89  7:05  Assimilator  
  89  7:07  Assimilator  
  97  7:11  Phoenix  
  97  7:14  Probe  
  100  7:18  Robotics Bay  
  102  7:38  Probe  
  102  7:40  Protoss Ground Weapons Level 1, Probe  
  102  7:41  Blink  
  102  7:43  Pylon  
  102  7:46  Pylon  
  100  7:51  Robotics Facility  
  100  7:56  Probe x2  
  100  7:57  Probe  
  103  8:05  Adept x3  
  105  8:08  Gateway, Probe  
  105  8:09  Gateway  
  105  8:11  Probe  
  111  8:13  Colossus, Gateway  
  111  8:14  Gateway x2  
  115  8:38  Colossus  
  121  8:48  Adept x2  
  125  8:50  Extended Thermal Lance  
  125  8:55  Probe  
  125  9:00  Gateway  
  125  9:03  Pylon  
  125  9:05  Pylon  
  125  9:06  Pylon  
  125  9:16  Colossus  
  125  9:21  Probe x2  
  125  9:24  Colossus  
  133  9:28  Stalker  
  133  9:29  Stalker x2  
  139  9:35  Nexus, Pylon  
  145  9:50  Sentry x2  
  149  9:54  Photon Cannon  
  149  9:55  Shield Battery  
  149  9:56  Photon Cannon  
  149  9:57  Shield Battery  
  149  10:02  Protoss Ground Weapons Level 2  
  149  10:04  Stalker x4  
  157  10:16  Templar Archives  
  157  10:38  Pylon  
  157  10:40  Pylon  
  157  10:42  Pylon  
  155  10:43  Pylon  
  155  10:45  Pylon  
  155  10:46  Colossus x2  
  163  10:52  Probe  
  163  10:54  Psionic Storm, Assimilator x2  
  164  11:01  Photon Cannon  
  164  11:02  Photon Cannon  
  164  11:05  Shield Battery  
  164  11:07  Shield Battery  
  164  11:09  Shield Battery  
  164  11:13  High Templar x2  
  168  11:25  Probe  
  169  11:26  Probe  
  169  11:29  Pylon  
  169  11:30  Fleet Beacon  
  170  11:34  High Templar  
  172  11:41  High Templar  
  186  11:55  Observer x2  
  164  12:09  Stargate  
  164  12:10  Stargate, Tempest x2  
  164  12:13  Probe  
  165  12:15  Gateway  
  165  12:16  Probe  
  165  12:17  Gateway  
  165  12:18  Mothership  
  184  12:30  Immortal x2  
  192  12:47  Zealot x4  
  192  12:50  Protoss Air Weapons Level 2  
  194  13:00  Protoss Ground Weapons Level 3  
  194  13:03  Tempest  
  199  13:10  Charge  
  191  13:37  Void Ray x2  
  189  13:49  High Templar x5  
  197  14:02  Pylon  
  197  14:04  Pylon  
  197  14:12  Nexus  
  197  14:15  Assimilator  
  197  14:20  Assimilator  
  197  14:22  Pylon  
  151  14:41  Carrier x4  
  151  14:45  Photon Cannon  
  175  14:47  Shield Battery  
  175  14:49  Shield Battery  
  175  14:50  Zealot x11, Shield Battery  
  175  14:52  Photon Cannon  
  197  14:53  Protoss Air Weapons Level 3  
  197  14:55  Photon Cannon  
  197  14:59  Pylon  
  194  15:28  Colossus  
  200  15:36  Photon Cannon  
  200  15:37  Photon Cannon  
  192  15:45  Carrier  
  179  16:12  Oracle, Tempest x2  
  179  16:14  Robotics Bay  
  192  16:26  Zealot x4  
  192  16:32  Protoss Shields Level 1  
  200  16:34  Gateway  
  200  16:35  Gateway  
  200  16:39  Gateway  
  200  16:40  Gateway  
  200  16:44  Gateway  
  200  16:46  Gateway  
  200  16:47  Pylon  
  200  16:49  Assimilator  
  200  16:54  Assimilator  
  192  17:09  Photon Cannon  
  192  17:11  Photon Cannon  
  192  17:13  Photon Cannon  
  192  17:14  Shield Battery  
  192  17:15  Shield Battery  
  197  17:17  Disruptor x2, Shield Battery  
  197  17:18  Shield Battery  
  197  17:20  Photon Cannon  
  197  17:22  Pylon  
  189  17:51  Tempest x2  
  189  17:57  Nexus  
  197  17:59  Stalker  
  199  18:13  Pylon  
  199  18:16  Pylon  
  199  18:46  Photon Cannon  
  199  18:47  Photon Cannon  
  199  18:49  Photon Cannon  
  199  18:51  Photon Cannon  
  195  19:03  High Templar x2  
  183  19:33  Zealot x4  
  183  19:34  Zealot x4  
  86  20:01  Stalker x13  
  86  20:02  Stalker x4  
  86  20:04  Tempest x4  
  96  20:37  Tempest, High Templar x5  
  96  20:42  Disruptor x2  
  105  20:43  Tempest  
  105  20:44  Zealot x5  
  105  20:45  Zealot x7  
  105  20:47  Tempest x2  
  112  21:18  Observer x2  
  112  21:22  Archon  
  99  21:31  Stalker x4  
  99  21:32  Stalker x10  
Show
View Real Time Build Order
Export as new Build Order

Lambo Zerg - Winner!

Build Orders: Hatch First, Lurkers 

Get SALT Encoding   

  12  0:01  Drone  
  13  0:12  Overlord  
  13  0:17  Drone  
  14  0:31  Drone x2  
  16  0:44  Drone  
  17  0:54  Hatchery  
  17  0:56  Drone  
  17  1:00  Drone  
  18  1:10  Extractor  
  17  1:15  Spawning Pool  
  17  1:17  Drone  
  17  1:21  Drone  
  18  1:28  Drone  
  19  1:39  Drone  
  20  1:50  Overlord  
  20  2:01  Queen  
  20  2:05  Queen  
  20  2:06  Zergling x4  
  26  2:13  Zergling x2  
  26  2:15  Metabolic Boost  
  27  2:16  Drone  
  28  2:25  Drone  
  29  2:32  Drone  
  30  2:39  Hatchery  
  29  2:44  Drone  
  29  2:50  Queen, Drone  
  32  2:58  Overlord  
  32  3:02  Zergling x2  
  32  3:03  Zergling x2  
  34  3:06  Zergling x2  
  34  3:11  Drone  
  36  3:20  Drone  
  36  3:21  Drone  
  36  3:24  Drone x2  
  36  3:26  Drone x2  
  42  3:27  Queen  
  42  3:32  Spore Crawler  
  43  3:34  Drone  
  44  3:51  Drone  
  44  3:52  Drone x2  
  46  3:58  Drone x4  
  46  4:00  Drone x2  
  46  4:02  Drone  
  50  4:12  Spore Crawler, Drone  
  50  4:18  Lair  
  50  4:20  Overlord  
  50  4:22  Roach Warren  
  49  4:25  Drone  
  49  4:26  Overlord  
  49  4:29  Spore Crawler  
  49  4:31  Drone  
  52  4:38  Drone x5  
  52  4:42  Drone  
  52  4:45  Drone  
  48  4:48  Drone  
  48  4:49  Drone  
  48  4:51  Drone  
  50  4:54  Drone x2  
  50  4:55  Drone  
  50  4:59  Drone x2  
  56  5:00  Drone  
  56  5:03  Drone  
  58  5:12  Overlord  
  58  5:13  Drone  
  58  5:14  Overlord  
  58  5:21  Drone  
  58  5:23  Drone  
  58  5:29  Overlord  
  58  5:30  Queen x3, Spore Crawler  
  58  5:32  Overlord  
  58  5:35  Drone x3  
  66  5:40  Drone  
  66  5:41  Drone x2  
  69  5:44  Spore Crawler  
  69  5:45  Spore Crawler  
  69  5:47  Hydralisk Den  
  69  5:48  Extractor, Zergling x2  
  69  5:49  Extractor, Zergling x2  
  66  5:50  Zergling x2  
  66  5:54  Zergling x4  
  66  5:56  Drone x3  
  72  5:58  Extractor  
  72  6:01  Drone x3  
  72  6:02  Zergling x2  
  76  6:04  Drone x2  
  76  6:10  Queen  
  79  6:16  Zergling x6  
  79  6:17  Zergling x2  
  79  6:18  Zergling x2  
  83  6:29  Zergling x4  
  83  6:30  Zergling x2  
  83  6:31  Drone x4  
  88  6:38  Grooved Spines, Drone  
  88  6:39  Drone  
  89  6:41  Evolution Chamber  
  89  6:43  Drone  
  89  6:44  Overlord  
  89  6:48  Baneling Nest  
  89  6:52  Drone x2  
  89  6:55  Overlord  
  89  6:58  Drone  
  89  7:00  Drone  
  89  7:04  Queen  
  89  7:05  Queen  
  91  7:09  Zerg Missile Weapons Level 1  
  91  7:13  Drone x4  
  95  7:17  Drone x3  
  95  7:19  Overlord, Extractor x2  
  96  7:23  Hatchery, Drone x3  
  98  7:34  Drone x5  
  103  7:38  Drone  
  103  7:41  Drone  
  103  7:43  Drone x2  
  107  7:44  Drone  
  107  7:45  Drone  
  109  7:58  Hydralisk x2  
  109  7:59  Overlord x2  
  113  8:05  Overlord  
  113  8:09  Overlord x2  
  113  8:15  Overlord  
  113  8:19  Infestation Pit  
  111  8:20  Overlord, Hydralisk x9  
  111  8:22  Extractor  
  111  8:24  Extractor  
  124  8:28  Hydralisk x4  
  124  8:32  Zergling x4  
  124  8:34  Centrifical Hooks  
  132  8:39  Hydralisk  
  132  8:40  Hydralisk x4  
  142  8:45  Hydralisk  
  144  8:53  Overlord x2  
  142  8:57  Overlord  
  142  8:59  Spore Crawler, Baneling x4  
  142  9:00  Overlord  
  142  9:02  Overlord  
  140  9:03  Overlord, Spore Crawler  
  140  9:04  Zerg Missile Weapons Level 2  
  140  9:09  Overlord  
  138  9:12  Muscular Augments, Overseer  
  138  9:14  Zergling x20  
  148  9:20  Hydralisk x2, Zergling x2  
  153  9:25  Overseer  
  153  9:30  Hive  
  153  9:31  Zergling x8  
  157  9:32  Spire  
  156  9:52  Drone x3  
  157  9:53  Drone  
  157  9:54  Spine Crawler, Hydralisk x8  
  172  10:09  Zergling x20  
  172  10:11  Baneling x5  
  172  10:12  Baneling x9  
  172  10:14  Drone  
  183  10:18  Drone  
  183  10:20  Spine Crawler  
  183  10:21  Spine Crawler  
  183  10:25  Hydralisk x2  
  182  10:30  Hydralisk x2  
  184  10:39  Overlord  
  184  10:40  Spine Crawler  
  181  10:48  Drone x2  
  181  10:49  Drone  
  180  10:51  Evolution Chamber  
  180  10:52  Overlord, Greater Spire  
  180  10:53  Corruptor x2  
  183  10:57  Overlord  
  183  10:58  Corruptor x4  
  191  11:10  Spine Crawler  
  191  11:11  Drone  
  191  11:12  Spine Crawler  
  191  11:13  Hatchery, Spine Crawler  
  191  11:16  Spine Crawler, Adrenal Glands  
  191  11:18  Zerg Melee Weapons Level 1  
  187  11:21  Zerg Missile Weapons Level 3  
  187  11:25  Corruptor  
  189  11:28  Pneumatized Carapace  
  188  11:35  Corruptor x2  
  188  11:38  Overseer  
  192  11:42  Drone x2  
  192  12:05  Brood Lord x4  
  200  12:08  Zerg Flyer Weapons Level 1  
  200  12:10  Lurker Den  
  199  12:28  Extractor  
  198  12:31  Brood Lord  
  198  12:32  Extractor  
  198  12:33  Brood Lord, Spine Crawler  
  198  12:34  Spine Crawler x2  
  199  12:37  Brood Lord  
  199  12:42  Pathogen Glands  
  199  12:56  Drone  
  200  13:03  Burrow  
  200  13:12  Spore Crawler  
  198  13:14  Spore Crawler  
  198  13:16  Drone x2  
  198  13:19  Spore Crawler  
  198  13:20  Spore Crawler  
  198  13:21  Spore Crawler  
  198  13:22  Spore Crawler x2  
  198  13:23  Zerg Melee Weapons Level 2  
  198  13:25  Drone x7  
  196  13:42  Drone  
  195  13:48  Neural Parasite  
  195  13:50  Adaptive Talons  
  195  13:53  Spine Crawler  
  195  13:54  Lurker x4, Spine Crawler  
  197  13:56  Spine Crawler  
  197  13:57  Spine Crawler  
  197  13:59  Spine Crawler, Zerg Ground Armor Level 1  
  197  14:02  Spine Crawler  
  193  14:03  Spine Crawler  
  193  14:08  Brood Lord x2  
  189  14:28  Infestor x9  
  184  14:34  Drone x5  
  184  14:36  Spore Crawler  
  174  14:47  Spine Crawler  
  174  14:49  Spine Crawler  
  174  14:50  Spine Crawler, Zerg Flyer Armor Level 1  
  174  14:51  Spire  
  174  14:52  Drone x8  
  178  14:53  Spine Crawler  
  178  14:54  Drone x5  
  178  14:55  Drone  
  178  14:56  Drone x6  
  178  14:58  Infestor x3  
  195  15:06  Drone x2  
  197  15:17  Spore Crawler  
  197  15:18  Spore Crawler x2  
  197  15:20  Spore Crawler  
  193  15:27  Infestor x5  
  181  15:30  Overseer  
  181  15:35  Infestor  
  176  15:46  Drone x14  
  190  16:04  Spore Crawler  
  190  16:05  Spore Crawler  
  190  16:06  Spore Crawler  
  190  16:07  Spore Crawler  
  186  16:12  Overlord x2  
  186  16:13  Zerg Flyer Weapons Level 2  
  186  16:14  Overseer  
  186  16:15  Overseer  
  186  16:21  Spine Crawler x2  
  186  16:23  Spine Crawler  
  186  16:24  Spine Crawler  
  182  16:28  Overlord  
  182  16:29  Overlord  
  182  16:37  Spore Crawler  
  182  16:38  Spore Crawler x2  
  179  16:41  Corruptor x6  
  179  16:42  Overseer  
  179  16:45  Spore Crawler  
  179  16:46  Spore Crawler x3  
  188  16:57  Corruptor x5  
  198  17:05  Overseer x2  
  196  17:12  Corruptor x2  
  192  17:49  Corruptor x5  
  200  17:56  Overseer  
  200  17:57  Overseer  
  200  17:58  Zerg Flyer Armor Level 2  
  200  18:11  Spore Crawler  
  200  18:12  Spore Crawler x2  
  197  18:13  Spore Crawler  
  197  18:14  Spore Crawler x3  
  197  18:15  Spore Crawler x2  
  197  18:16  Spore Crawler x2  
  197  18:17  Brood Lord x2, Spore Crawler  
  197  18:18  Corruptor x4  
  197  18:19  Spore Crawler x2  
  198  18:20  Spore Crawler x2, Infestor  
  198  18:24  Infestor  
  216  18:39  Extractor  
  215  18:41  Hatchery  
  215  18:42  Spore Crawler  
  215  18:43  Spore Crawler  
  215  18:45  Extractor  
  209  19:03  Overlord x5  
  189  19:26  Corruptor x6  
  189  19:29  Overlord  
  189  19:30  Overlord  
  183  19:46  Corruptor x5  
  187  20:14  Brood Lord x3  
  195  20:16  Infestor x2  
  195  20:25  Brood Lord  
  195  20:26  Brood Lord  
  181  20:30  Brood Lord x2  
  181  20:31  Brood Lord, Corruptor x9  
  197  20:49  Lurker x2  
  199  21:02  Hatchery  
  196  21:19  Hydralisk x2  
Tags
 
Add a new tag
Caveats
  • Supply blocks, unpowered buildings, or Contaminate may cause inaccurate times.
  • Supply counts are checked every 10 seconds.